 Dungeon Crawl Stone Soup version 0.24-a0-235-g3f03afcf10 (webtiles) character file.

Game seed: 7912692608112939226

538 MrRokkomies the Skirmisher (level 7, -2/78 HPs)
             Began as an Ogre Hunter on Apr 7, 2019.
             Was a Believer of Fedhas.
             Slain by a worker ant (8 damage)
             ... on level 4 of the Dungeon.
             The game lasted 00:12:08 (3860 turns).

MrRokkomies the Skirmisher (Ogre Hunter)            Turns: 3860, Time: 00:12:11

Health: -2/78      AC:  3    Str: 17    XL:     7   Next: 26%
Magic:  7/7        EV: 10    Int: 12    God:    Fedhas [**....]
Gold:   149        SH:  0    Dex: 11    Spells: 6/6 levels left

rFire    . . .     SeeInvis .   l - +0 dagger (venom)
rCold    . . .     Gourm    .   (no shield)
rNeg     . . .     Faith    .   b - +0 robe
rPois    .         Spirit   .   (helmet restricted)
rElec    .         Reflect  .   (no cloak)
rCorr    .         Harm     .   (gloves unavailable)
MR       .....                  (boots unavailable)
Stlth    +.........             (no amulet)
HPRegen  0.23/turn              (no ring)
MPRegen  0.10/turn              (no ring)

@: lethally poisoned (-2 -> -26)
A: large, unfitting armour, tough skin 1
a: Fungal Bloom, Sunlight, Evolution, Renounce Religion


You were on level 4 of the Dungeon.
You worshipped Fedhas.
Fedhas was pleased with you.
You were hungry.

You visited 1 branch of the dungeon, and saw 4 of its levels.

You collected 149 gold pieces.

Inventory:

Hand Weapons
 a - a +0 short sword
 l - a +0 dagger of venom (weapon)
Missiles
 e - a tomahawk
 g - 72 stones (quivered)
 h - 2 needles of sleeping
Armour
 b - a +0 robe (worn)
Scrolls
 j - a scroll of remove curse
 k - a scroll of blinking
 o - a scroll of teleportation
Potions
 n - 2 potions of cancellation
 p - a potion of flight
Comestibles
 f - 5 rations


   Skills:
 * Level 7.4 Fighting
 * Level 6.6 Throwing
 - Level 1.7 Dodging
 - Level 0.6 Stealth


You had 6 spell levels left.
You didn't know any spells.
Your spell library was empty.

Dungeon Overview and Level Annotations

Branches:
Dungeon (4/15)
 Temple: D:4-7

Altars:
Fedhas
Gozag
Sif Muna
Vehumet
Zin


Innate Abilities, Weirdness & Mutations

You are too large for most types of armour.
You have tough skin. (AC +1)


Message History

You are more poisoned.
The worker ant poisons you!
Okay, then.
Unknown command.
As you read the scroll of identify, it crumbles to dust.
n - 2 potions of cancellation You feel sick.
The worker ant bites you.
* * * LOW HITPOINT WARNING * * *
The orc priest looks satisfied for a moment.
The orc priest struggles against the net.
The net rips apart, and the orc priest comes free!
You hit the orc priest.
The orc priest is almost dead.
* * * LOW HITPOINT WARNING * * *
You feel sick. The worker ant bites you!
* * * LOW HITPOINT WARNING * * *
You are more poisoned.
The worker ant poisons you! The worker ant bites you!
You die...
Fedhas appreciates your contribution to the ecosystem.

##..######
#....<...#
#..##.#..#
#.....#..####
##.####.....
#.## #.#.##
#..###..>#
##..#....#
##.a@(#
####o# #(#
#(# #(# #.#
..# ...#
....#


You could see a worker ant and an orc priest.

Vanquished Creatures
  Sigmund (D:3)
  A bullfrog (D:3)
  A howler monkey (D:4)
  An orc priest (D:4)
  A hound (D:2)
  Natasha (thrice) (D:3)
  4 gnolls
  3 adders
  2 worms (D:3)
  A dart slug (D:3)
  A leopard gecko (D:3)
  8 orcs
  5 giant cockroaches
  13 goblins
  7 hobgoblins
  5 jackals
  10 kobolds
  2 ball pythons
  7 bats
  A frilled lizard (D:3)
  10 rats
87 creatures vanquished.

Vanquished Creatures (others)
  30 toadstools
30 creatures vanquished.

Grand Total: 117 creatures vanquished

Notes
Turn   | Place    | Note
-------+----------+-------------------------------------------
     0 | D:1      | MrRokkomies the Ogre Hunter began the quest for the Orb.
     0 | D:1      | Reached XP level 1. HP: 22/22 MP: 1/1
   104 | D:1      | Reached skill level 3 in Fighting
   325 | D:1      | Reached XP level 2. HP: 31/31 MP: 2/2
   875 | D:1      | Reached XP level 3. HP: 39/39 MP: 3/3
  1008 | D:1      | Reached skill level 4 in Fighting
  1201 | D:1      | You fall through a shaft!
  1219 | D:2      | Found a faded altar of an unknown god.
  1233 | D:2      | Became a worshipper of Fedhas Madash
  1233 | D:2      | Reached * piety under Fedhas
  1458 | D:2      | Reached XP level 4. HP: 44/49 MP: 4/4
  1991 | D:2      | Reached skill level 5 in Throwing
  2185 | D:2      | Found a glowing silver altar of Zin.
  2185 | D:2      | Found a deep blue altar of Sif Muna.
  2186 | D:2      | Found a radiant altar of Vehumet.
  2315 | D:2      | Found an opulent altar of Gozag.
  2428 | D:3      | Reached ** piety under Fedhas
  2439 | D:3      | Reached skill level 5 in Fighting
  2580 | D:3      | Reached XP level 5. HP: 36/57 MP: 5/5
  3040 | D:3      | Noticed Natasha
  3064 | D:3      | Reached XP level 6. HP: 38/67 MP: 6/6
  3074 | D:3      | Reached skill level 6 in Fighting
  3094 | D:3      | HP: 1/67 [Natasha/magic dart (6)]
  3098 | D:3      | Killed Natasha
  3410 | D:3      | Noticed Natasha
  3415 | D:3      | Killed Natasha
  3484 | D:3      | Noticed Sigmund
  3485 | D:3      | Killed Sigmund
  3485 | D:3      | Reached skill level 7 in Fighting
  3485 | D:3      | Reached XP level 7. HP: 50/78 MP: 7/7
  3724 | D:3      | Found a blossoming altar of Fedhas.
  3770 | D:3      | Noticed Natasha
  3782 | D:3      | Killed Natasha
  3860 | D:4      | Slain by a worker ant

Levels and vault maps discovered:
D:1:      matt_arrival_spirals, layout_basic, chequers_serial_rivers_micro_e,
          grunt_decor_one_mirror, minmay_tetromino_o4
D:2:      layout_basic, nicolae_overflow_quartered_altars,
          chequers_ecumenical_altar_island
D:3:      layout_rooms, fedhas_altar_4, nrook_loot_triangle, uniq_sigmund,
          uniq_natasha
D:4:      minmay_clustersquares, layout_basic,
          yredelemnul_forgotten_temple_becter, first_ration, roderic_lattice_a,
          uniq_menkaure, uniq_eustachio, uniq_crazy_yiuf_cottage, uniq_edmund,
          uniq_pikel

Skill      XL: |  1  2  3  4  5  6 |
---------------+-------------------+-----
Fighting       | 3 4 5 7 |  7.4
Throwing       | 5 6 |  6.6
Dodging        | |  1.7
Stealth        | |  0.6

Action                   |  1- 3 |  4- 6 |  7- 9 || total
-------------------------+-------+-------+-------++-------
Melee: Short sword       |    90 |       |       ||    90
       Dagger            |    24 |   171 |    29 ||   224
Throw: Stone             |    12 |     7 |     4 ||    23
       Tomahawk          |     5 |     2 |       ||     7
       Large rock        |     3 |     6 |     5 ||    14
       Throwing net      |       |     2 |     2 ||     4
Invok: Fungal Bloom      |       |    13 |     2 ||    15
  Use: Scroll            |       |     9 |     1 ||    10
       Potion            |       |     3 |       ||     3
 Stab: Sleeping          |       |     1 |     1 ||     2
  Eat: Chunk             |     1 |     7 |     1 ||     9
Armor: Robe              |    42 |    64 |     8 ||   114
Dodge: Dodged            |    80 |   104 |    22 ||   206

Table legend:
 A = Non-vault XP
 B = Vault XP
 C = Vault XP percentage of total XP
 D = Non-vault monster count
 E = Vault monster count
 F = Vault count percentage of total count
                 A         B        C        D         E       F
            +---------+---------+-------+---------+---------+-------
      Total |     521 |     248 |  32.2 |      82 |       5 |   5.7
            +---------+---------+-------+---------+---------+-------
        D:1 |      49 |       5 |   9.3 |      21 |       3 |  12.5
        D:2 |      92 |       0 |   0.0 |      19 |       0 |   0.0
        D:3 |     275 |     243 |  46.9 |      37 |       2 |   5.1
        D:4 |     105 |       0 |   0.0 |       5 |       0 |   0.0
            +---------+---------+-------+---------+---------+-------
